 Dungeon Crawl Stone Soup version 0.25.0-9-g26727b657a (webtiles) character file.

Game seed: 16992799875411552607

214 Froggeryz the Ruffian (level 5, -1/34 HPs)
             Began as a Gargoyle Monk on June 17, 2020.
             Slain by Sigmund
             ... wielding a +0 scythe
              (5 damage)
             ... on level 3 of the Dungeon.
             The game lasted 00:03:12 (1979 turns).

Froggeryz the Ruffian (Gargoyle Monk)               Turns: 1979, Time: 00:03:12

Health: -1/34      AC: 10    Str: 15    XL:     5   Next: 91%
Magic:  5/5        EV: 11    Int: 10    God:
Gold:   158        SH:  4    Dex: 13    Spells: 4/4 levels left

rFire    . . .     SeeInvis .     - Unarmed
rCold    . . .     Gourm    .   (no shield)
rNeg     + . .     Faith    .   g - +0 ring mail
rPois    ∞         Spirit   .   (no helmet)
rElec    +         Reflect  .   (no cloak)
rCorr    .         Harm     .   l - +0 pair of gloves
MR       .....                  (no boots)
Stlth    +.........             (no amulet)
HPRegen  0.11/turn              (no ring)
MPRegen  0.09/turn              (no ring)

@: no status effects
A: large bone plates 1, negative energy resistance 1, sense surroundings 1,
electricity resistance, wild magic 1, unbreathing, petrification resistance, rot
immunity, MP-powered wands, AC +4
a: no special abilities


You were on level 3 of the Dungeon.
You were not hungry.

You visited 1 branch of the dungeon, and saw 4 of its levels.

You collected 158 gold pieces.

Inventory:

Armour
 a - a +0 robe
 d - a +0 kite shield
 g - a +0 ring mail (worn)
 h - a +0 chain mail
 l - a +0 pair of gloves (worn)
Wands
 n - a wand of flame (20)
 s - a wand of disintegration (5)
Scrolls
 c - 2 scrolls of remove curse
 k - 3 scrolls of identify {unknown}
 p - a scroll of fog {unknown}
Potions
 f - 2 potions of might
 m - a potion of cancellation
 o - a potion of berserk rage {unknown}
 q - a potion of haste {unknown}
 r - a potion of invisibility {unknown}
Comestibles
 b - 5 rations
 j - a chunk of flesh


   Skills:
 + Level 4.8 Fighting
 - Level 2.4 Dodging
 - Level 2.1 Stealth
 - Level 0.3 Shields
 * Level 5.4 Unarmed Combat


You had 4 spell levels left.
You didn't know any spells.
Your spell library was empty.

Dungeon Overview and Level Annotations

Branches:
Dungeon (4/15)
 Temple: D:4-7

Altars:
Gozag
Nemelex Xobeh

Annotations:
D:3 Sigmund


Innate Abilities, Weirdness & Mutations

You are resistant to torment.
Your stone body is resilient. (AC +4)
You are immune to poison.
You resist negative energy. (rN+)
You are resistant to electric shocks. (rElec)
You can survive without breathing.
You are immune to petrification.
You are immune to rotting.
You are partially covered in large bone plates. (SH +4)
You passively map a small area around you.
Your spells are a little harder to cast, but a little more powerful.
You expend magic power (3 MP) to strengthen your wands.


Message History

You closely miss something. Something hits you.
* * * LOW HITPOINT WARNING * * *
You feel better. Something hits you!
* * * LOW HITPOINT WARNING * * *
You hit something.
It was a potion of might.
You feel very mighty all of a sudden. Something hits you.
* * * LOW HITPOINT WARNING * * *
It was a potion of cancellation.
Your magical effects are unravelling.
You feel magically purged.
You feel a little less mighty now.
It was a potion of mutation.
You feel extremely strange.
You feel a strange attunement to the structure of the dungeons.
You feel your magical essence link to the dungeon's wands.
Large bone plates grow over parts of your arms.
You feel less in control of your magic. Something hits you.
You die...

..#, , ## #.+ , #. , ,
##....# , ... , , ,
#...#.##+##.# ,, , 8
#........... , #...#.#.#.#.#
##........... ,
#.......########... ..
#.........$@{r..... ...
#.......###########.#....
#.....(.##### ......
##..........#######.......8.
#......####.................
#.####.# ###...............
#. #..* #.##.#.......... #
... *###.##............ ,
... ....###...........


You could see a rat.

Vanquished Creatures
  A howler monkey (D:4)
  A jelly (D:4)
  A worker ant (D:4)
  6 adders
  An ooze (D:3)
  An adder skeleton (D:4)
  2 worms
  2 dart slugs
  2 leopard geckos
  3 orcs (D:4)
  3 giant cockroaches (D:2)
  4 goblins
  6 hobgoblins
  2 kobolds (D:2)
  3 quokkas
  6 bats
  2 frilled lizards
  4 rats
50 creatures vanquished.

Notes
Turn   | Place    | Note
-------+----------+-------------------------------------------
     0 | D:1      | Froggeryz the Gargoyle Monk began the quest for the Orb.
     0 | D:1      | Reached XP level 1. HP: 14/14 MP: 1/1
    61 | D:1      | Reached XP level 2. HP: 19/19 MP: 2/2
   599 | D:2      | Reached XP level 3. HP: 24/24 MP: 3/3
   750 | D:2      | Reached skill level 4 in Unarmed Combat
   765 | D:2      | You fall into a shaft and drop 2 floors!
   862 | D:4      | Reached XP level 4. HP: 24/29 MP: 4/4
   892 | D:4      | Reached XP level 5. HP: 26/34 MP: 5/5
   985 | D:4      | Found a sparkling altar of Nemelex Xobeh.
   986 | D:4      | Found an opulent altar of Gozag.
  1099 | D:4      | Reached skill level 5 in Unarmed Combat
  1947 | D:3      | Found a faded altar of an unknown god.
  1953 | D:3      | Noticed Sigmund
  1979 | D:3      | Gained mutation: You passively map a small area around you.
                  | [potion of mutation]
  1979 | D:3      | Gained mutation: You expend magic power (3 MP) to
                  | strengthen your wands. [potion of mutation]
  1979 | D:3      | Gained mutation: You are partially covered in large bone
                  | plates. (SH +4) [potion of mutation]
  1979 | D:3      | Gained mutation: Your spells are a little harder to cast,
                  | but a little more powerful. [potion of mutation]
  1979 | D:3      | Slain by Sigmund

Illustrated notes

Levels and vault maps discovered:
D:1:      eino_arrival_druids_welcome, layout_rooms, serial_glass,
          glass_columns_b, glass_columns_b, glass_columns_b, glass_columns_b,
          glass_columns_a, glass_columns_a, glass_columns_b, glass_columns_a,
          glass_columns_a, glass_columns_a
D:2:      layout_basic, first_ration, grunt_decor_resistance
D:3:      wad_pebble_path, layout_rooms, chequers_ecumenical_altar_simple,
          minmay_misc_feat_doors, uniq_robin, uniq_sigmund, uniq_jessica
D:4:      layout_loops_cross, grunt_temple_overflow_opulence

Skill      XL: |  1  2  3  4  5 |
---------------+----------------+-----
Unarmed Combat | 4 5 |  5.4
Fighting       | 4 |  4.8
Dodging        | |  2.4
Stealth        | |  2.1
Shields        | |  0.3

Action                   |  1- 3 |  4- 6 || total
-------------------------+-------+-------++-------
Melee: Unarmed           |   117 |   121 ||   238
       Punch             |       |     2 ||     2
  Use: Scroll            |     2 |     1 ||     3
       Potion            |       |     6 ||     6
  Eat: Chunk             |       |     4 ||     4
Armor: Robe              |     6 |       ||     6
       Chain mail        |    51 |     1 ||    52
       Ring mail         |       |    40 ||    40
Dodge: Dodged            |    38 |    56 ||    94
